 Dungeon Crawl Stone Soup version 0.22-a0-392-g5dc3fd9 (webtiles) character file.

604 KristoblXynda the Slasher (level 7, -2/50 HPs)
             Began as a Demonspawn Gladiator on May 2, 2018.
             Slain by Arum's ghost (5 damage)
             ... on level 4 of the Dungeon.
             The game lasted 00:09:15 (4570 turns).

KristoblXynda the Slasher (Demonspawn Gladiator)    Turns: 4570, Time: 00:09:16

Health: -2/50      AC: 11    Str: 15    XL:     7   Next: 18%
Magic:  7/7        EV: 13    Int: 10    God:
Gold:   327        SH:  0    Dex: 20    Spells: 6/6 levels left

rFire    . . .     SeeInvis .   a - +0 long sword
rCold    . . .     Gourm    .   (no shield)
rNeg     . . .     Faith    .   v - +0 ring mail
rPois    .         Spirit   .   (helmet restricted)
rElec    .         Reflect  .   p - +0 cloak
rCorr    .         Harm     .   (no gloves)
MR       .....                  b - +2 pair of boots of the Assassin {Detection Stab+ Stlth++}
Stlth    ++++......             (no amulet)
HPRegen  0.16/turn              l - +5 ring of dexterity
MPRegen  0.10/turn              (no ring)

@: lethally poisoned (-2 -> -7)
A: horns 1, slimy green scales 1, nightstalker 1
a: no special abilities


You were on level 4 of the Dungeon.
You were not hungry.

You visited 1 branch of the dungeon, and saw 4 of its levels.

You collected 327 gold pieces.

Inventory:

Hand Weapons
 a - a +0 long sword (weapon)
Missiles
 d - 2 throwing nets (quivered)
Armour
 b - the +2 pair of boots of the Assassin (worn) {Detection Stab+ Stlth++}
   (You found it on level 4 of the Dungeon)

   It makes you much more stealthy.
 c - a +0 helmet
 p - a +0 cloak (worn)
 r - a +0 buckler
 v - a +0 ring mail (worn)
Jewellery
 l - a +5 ring of dexterity (left hand)
Scrolls
 e - 4 scrolls of identify
 g - a scroll of noise
 h - a scroll of remove curse
 i - a scroll of teleportation {unknown}
 k - 2 scrolls of immolation
Potions
 j - a potion of haste
 m - 2 potions of magic
 o - 2 potions of invisibility
 t - 2 potions of brilliance
 u - a potion of might
Comestibles
 f - 10 rations


   Skills:
 - Level 2.0 Fighting
 * Level 5.7 Long Blades
 - Level 2.0 Throwing
 + Level 3.0 Armour
 + Level 4.4 Dodging


You had 6 spell levels left.
You didn't know any spells.

Dungeon Overview and Level Annotations

Branches:
Dungeon (4/15)
 Temple: D:4-7

Altars:

Shops:
D:4 [

Annotations:
D:4 Arum's ghost, novice FoFi


Innate Abilities, Weirdness & Mutations

You have a pair of small horns on your head.
You are partially covered in slimy green scales. (AC +2)
You are slightly more attuned to the shadows.


Message History

You riposte.
You completely miss the killer bee. Your headbutt misses the killer bee.
The killer bee barely misses you. Arum's ghost completely misses you.
Okay, then.
As you read the scroll of fear, it crumbles to dust.
You assume a fearsome visage.
The killer bee looks frightened! x2
Arum's ghost is unaffected.
You feel sick. Arum's ghost completely misses you.
You feel sick.
You see here a killer bee corpse.
As you read the scroll labeled JEORA PU DIOKK, it crumbles to dust.
The scroll dissolves into smoke.
It was a scroll of fog.
You feel sick. Arum's ghost hits you.
* * * LOW HITPOINT WARNING * * *
* * * LOW HITPOINT WARNING * * *
You feel sick.
Okay, then.
As you read the scroll labeled BOTSIU EJUGI, it crumbles to dust.
It is a scroll of amnesia.
You feel forgetful for a moment. Arum's ghost hits you.
You die...

#.. . #.# #
#############.# #
#.y.{.......#.# #
#§#########.#.#### #§#
#....... #@# #.......
#W# ##..###. #§# #..# #.
#§# #..###.
####.##########..##..
###................##.#
##......###########.W..#
#.#...### .........###
#.#...... #######....#


You could see Arum's ghost.

Vanquished Creatures
  A scorpion (D:4)
  A killer bee (D:4)
  3 howler monkeys (D:4)
  The ghost of Galewind the Magician, a weakling DEFE (D:3)
  A hound (D:4)
  2 orc priests (D:4)
  An orc wizard (D:4)
  Robin (D:3)
  5 gnolls
  7 adders
  2 oozes
  2 worms
  4 dart slugs
  4 leopard geckos
  6 orcs (D:4)
  4 giant cockroaches (D:1)
  12 goblins
  7 hobgoblins
  9 jackals
  2 quokkas
  A ball python (D:2)
  9 bats
  8 frilled lizards
  4 kobolds
  9 rats
106 creatures vanquished.

Notes
Turn   | Place    | Note
-------+----------+-------------------------------------------
     0 | D:1      | KristoblXynda the Demonspawn Gladiator began the quest for the Orb.
     0 | D:1      | Reached XP level 1. HP: 16/16 MP: 1/1
   252 | D:1      | Reached skill level 3 in Long Blades
   252 | D:1      | Gained mutation: You are partially covered in slimy green scales. (AC +2) [demonic ancestry]
   252 | D:1      | Reached XP level 2. HP: 3/22 MP: 2/2
   782 | D:1      | Reached XP level 3. HP: 26/27 MP: 3/3
  1208 | D:2      | Reached skill level 1 in Armour
  1269 | D:2      | Reached XP level 4. HP: 26/33 MP: 4/4
  1659 | D:3      | Reached skill level 4 in Long Blades
  2055 | D:3      | Gained mutation: You are slightly more attuned to the shadows. [demonic ancestry]
  2055 | D:3      | Reached XP level 5. HP: 26/38 MP: 5/5
  2507 | D:3      | Noticed Robin
  2508 | D:3      | Noticed Galewind's ghost (weakling DEFE)
  2537 | D:3      | Killed Robin
  2547 | D:3      | Killed Galewind's ghost
  2912 | D:4      | Reached XP level 6. HP: 37/44 MP: 6/6
  2967 | D:4      | Reached skill level 5 in Long Blades
  3653 | D:4      | Noticed Arum's ghost (novice FoFi)
  3696 | D:4      | Found the +2 pair of boots of the Assassin {Detection Stab+ Stlth++}
  4242 | D:4      | Found Xuir's Armour Shoppe.
  4558 | D:4      | Gained mutation: You have a pair of small horns on your head. [demonic ancestry]
  4558 | D:4      | Reached XP level 7. HP: 37/50 MP: 7/7
  4570 | D:4      | Slain by Arum's ghost

Vault maps used:
D:1:      lemuel_arrival_funnel
D:3:      uniq_robin
D:4:      serial_shops, shop

Skill      XL: |  1  2  3  4  5  6  7 |
---------------+----------------------+-----
Long Blades    | 3 4 5 |  5.7
Throwing       | 2 |  2.0
Dodging        | 3 4 |  4.4
Armour         | 1 2 3 |  3.0
Fighting       | |  2.0

Action                   |  1- 3 |  4- 6 |  7- 9 || total
-------------------------+-------+-------+-------++-------
Melee: Long sword        |   122 |   224 |     5 ||   351
       Headbutt          |       |       |     1 ||     1
Throw: Throwing net      |     2 |       |       ||     2
  Use: Scroll            |       |     8 |     5 ||    13
       Potion            |       |     1 |       ||     1
 Stab: Sleeping          |     1 |     5 |       ||     6
       Distracted        |       |     1 |       ||     1
  Eat: Chunk             |     1 |     8 |       ||     9
       Ration            |       |     1 |       ||     1
Armor: Leather armour    |    37 |    43 |       ||    80
       Ring mail         |       |    29 |     3 ||    32
       Skin              |       |     2 |       ||     2
Dodge: Dodged            |   106 |   172 |     9 ||   287
       Rpst.: Long sword |    32 |    51 |     4 ||    87

Table legend:
 A = Spawn XP
 B = Non-spawn XP
 C = Spawn XP percentage of total XP
 D = Spawn monster count
 E = Non-spawn monster count
 F = Spawn count percentage of total count
 G = Total turns spent on level
                    A         B        C        D         E        F      G
               +---------+---------+-------+---------+---------+-------+---------
         Total |       0 |     864 |   0.0 |       0 |     106 |   0.0 |  4570
               +---------+---------+-------+---------+---------+-------+---------
           D:1 |       0 |      55 |   0.0 |       0 |      23 |   0.0 |  1004
           D:2 |       0 |      63 |   0.0 |       0 |      26 |   0.0 |   574
           D:3 |       0 |     189 |   0.0 |       0 |      32 |   0.0 |  1615
           D:4 |       0 |     557 |   0.0 |       0 |      25 |   0.0 |  1377
               +---------+---------+-------+---------+---------+-------+---------
